 Dungeon Crawl Stone Soup version 0.28.0-53-g5a82cb258f (webtiles) character file.

Game seed: 6042899802863425584

62 Atelerd the Sneak (level 4, -6/27 HPs)
             Began as an Octopode Earth Elementalist on June 11, 2022.
             Killed from afar by Sigmund (8 damage)
             ... with a magic dart
             ... on level 2 of the Dungeon.
             The game lasted 00:02:40 (1737 turns).

Atelerd the Sneak (Octopode Earth Elementalist)     Turns: 1737, Time: 00:02:41

Health: -6/27      AC:  1    Str:  7    XL:     4   Next: 8%
Magic:  7/7        EV: 13    Int: 19    God:
Gold:   114        SH:  0    Dex: 12    Spells: 6/7 levels left

rFire   + . .      SeeInvis .   d - +0 dagger
rCold   + . .      Faith    .   (no shield)
rNeg    . . .      Spirit   .   (helmet restricted)
rPois   +          Reflect  .   (no amulet)
rElec   +          Harm     .   (no ring)
rCorr   +          Rampage  .   (no ring)
Will    .....                   (no ring)
Stlth   ++........              (no ring)
HPRegen 0.09/turn               (no ring)
MPRegen 0.10/turn               (no ring)
                                (no ring)
                                (no ring)

@: confused, resistant
A: almost no armour, amphibious, 8 rings, camouflage 1, gelatinous body 1,
(nimble swimmer 1), tentacles
a: no special abilities


You were on level 2 of the Dungeon.
You visited 1 branch of the dungeon, and saw 2 of its levels.

You collected 114 gold pieces.

Inventory:

Hand Weapons
 d - a +0 dagger (weapon)
Missiles
 b - 47 stones
Scrolls
 a - a scroll of brand weapon {unknown}
 e - a scroll of fog {unknown}
 f - a scroll of torment {unknown}
 g - 2 scrolls of immolation {unknown}
 i - a scroll of fear {unknown}
 j - a scroll of blinking {unknown}
 l - a scroll of teleportation {unknown}


   Skills:
 - Level 2.5 Dodging
 + Level 3.6 Stealth
 + Level 2.4 Spellcasting
 * Level 1.8 Transmutations
 * Level 3.4 Earth Magic


You had 6 spell levels left.
You knew the following spells:

 Your Spells              Type           Power      Damage    Failure   Level
a - Sandblast             Erth           30%        2d9       4%          1

Your spell library contained the following spells:

 Spells                   Type           Power      Damage    Failure   Level
 Passwall                 Tmut/Erth      10%        N/A       9%          2
 Stone Arrow              Conj/Erth      16%        3d8       24%         3
 Petrify                  Tmut/Erth      12%        N/A       47%         4


Dungeon Overview and Level Annotations

Branches:
Dungeon (2/15)

Altars:

Shops:
D:1 :?!(!

Annotations:
D:2 Sigmund


Innate Abilities, Weirdness & Mutations

You cannot wear most types of armour.
You are amphibious.
You can wear up to eight rings at the same time.
Your skin changes colour to match your surroundings (Stealth+).
Your rubbery body absorbs attacks. (AC +1, EV +1)
((You are camouflaged when in or above water. (Stealth+)))
You have tentacles for arms and can constrict up to eight enemies at once.


Message History

You can't see any susceptible monsters within range! (Use Z to cast anyway.) Unknown command.
Okay, then.
Sigmund casts a spell at you.
You are confused.
The goblin shouts!
You're too confused to move!
Sigmund points at you and mumbles some strange words.
The puff of flame hits you.
The goblin unwields a +0 club.
The goblin wields a +1 hunting sling of flaming.
It bursts into flame!
The goblin shoots a stone.
The stone hits you. The stone burns you.
It was a potion of flight.
You feel very buoyant.
You fly up into the air.
It was a potion of cancellation.
Your magical effects are unravelling.
You feel magically purged.
You float gracefully downwards.
You feel less confused.
The goblin shoots a stone.
The stone closely misses you.
The goblin shoots a stone.
The stone hits you. The stone burns you.
The goblin shoots a stone.
The stone barely misses you.
Sigmund gestures wildly while chanting.
Sigmund flickers and vanishes!
Deactivating autopickup; reactivate with Ctrl-A.
The goblin shoots a stone.
The stone barely misses you.
A magic dart appears from out of thin air!
The magic dart hits you.
* * * LOW HITPOINT WARNING * * *
A magic dart appears from out of thin air!
The magic dart hits you!
* * * LOW HITPOINT WARNING * * *
You are confused.
The goblin shoots a stone.
The stone barely misses you.
It was a potion of resistance.
You feel protected.
The goblin shoots a stone.
A magic dart appears from out of thin air!
The magic dart hits you!
You die...

##.......# #......# #.#....#
##......#####......### #.#.##.#
#.......##<.'........# #...##.#
##.......####......#.# #<.###.#
##.#...........>###.# ##......
####.#.#####.##(...####.###..
###### #.##....'.........
####.#..# #.##....##......#.
##.#.....# #@................ #
##........# #............#..#. #
#......#..## #{................ #
##.........# #.................
###......###.###..........#.#####
.#........#....g............#
###..#...##{#.##.........####
.#..)#...##.#.##.######.....#
.....#...##.#.##.# ########.##


You could see a goblin.

Vanquished Creatures
  An iguana (D:2)
  2 worms (D:2)
  3 ball pythons
  5 bats
  2 endoplasms (D:2)
  2 giant cockroaches
  2 goblins
  4 hobgoblins
  3 kobolds
  A frilled lizard (D:2)
  2 rats (D:1)
27 creatures vanquished.

Notes
Turn   | Place    | Note
-------+----------+-------------------------------------------
     0 | D:1      | Atelerd the Octopode Earth Elementalist began the quest for
                  | the Orb.
     0 | D:1      | Reached XP level 1. HP: 11/11 MP: 3/3
    52 | D:1      | Found Peoco's Distillery.
    59 | D:1      | Found a faded altar of an unknown god.
   101 | D:1      | Found Ufinenga's Magic Scroll Shoppe.
   177 | D:1      | Found Siung's Book Boutique.
   402 | D:1      | Found Lunwig's Distillery.
   436 | D:1      | Found Wer Qudgh's Weapon Boutique.
   476 | D:1      | Reached XP level 2. HP: 17/17 MP: 3/5
  1090 | D:2      | Reached XP level 3. HP: 21/21 MP: 4/6
  1461 | D:2      | Reached XP level 4. HP: 27/27 MP: 4/7
  1702 | D:2      | Noticed Sigmund
  1728 | D:2      | HP: 1/27 [something/magic dart (8)]
  1737 | D:2      | Killed from afar by Sigmund

Illustrated notes

Levels and vault maps discovered:
D:1:      dpeg_arrival_shrine, layout_loops_ring, serial_shops,
          nicolae_shop_hallway_plus, nicolae_shop_hallway_plus, shop, shop,
          shop_fountains, basic_ecumenical_altar
D:2:      layout_basic, nicolae_figureground_sparkle, uniq_sigmund

Skill      XL: |  1  2 |
---------------+-------+-----
Stealth        | 3 |  3.6
Dodging        | |  2.5
Spellcasting   | |  2.4
Transmutations | |  1.8
Earth Magic    | |  3.4

Action                   |  1- 3 |  4- 6 || total
-------------------------+-------+-------++-------
Melee: Dagger            |    18 |     1 ||    19
       Tentacles         |     5 |       ||     5
       Constrict         |     7 |       ||     7
 Cast: Sandblast         |    23 |     5 ||    28
  Use: Potion            |       |     3 ||     3
 Stab: Sleeping          |     2 |       ||     2
Armor: Skin              |    10 |     2 ||    12
Dodge: Dodged            |    20 |     5 ||    25
